ESL (28 & UNDER)
READING RAINBOWS @ BUTLER WHITE SOX
08/15/2025
 
TOP OF THE 1ST
Reading Rainbows batting - Pitching for Butler White Sox : RHP Júlio González
Pitching: RHP Júlio González
Batting: LHB Miguel Colón 0-0: Bunt missed!
0-1: Fly out, F8 (Flyball, 8LM)
Batting: LHB Alfonso Ruíz 0-0: DOUBLE (Line Drive, 7LS)
Batting: RHB Dan Banks 0-0: Ball
1-0: Called Strike
1-1: Ball
2-1: Called Strike
2-2: Ball
3-2: Strikes out swinging
Batting: RHB Germano Labrego 0-0: Fly out, F6 (Popup, 56)
Top of the 1st over - 0 run(s), 1 hit(s), 0 error(s), 1 left on base; Reading 0 - Butler 0
BOTTOM OF THE 1ST
Butler White Sox batting - Pitching for Reading Rainbows : RHP Ramón Quintero
Pitching: RHP Ramón Quintero
Batting: RHB Luis Ramos 0-0: Ball
1-0: Swinging Strike
1-1: Ball
2-1: Ball
3-1: Base on Balls
Batting: RHB Rodney González 0-0: Ball
1-0: Ball
2-0: Foul Ball, location: 2F
2-1: Foul Ball, location: 2F
2-2: Fielders Choice at 2nd, 4-6 (Groundball, 34)
Batting: LHB Mark Everett 0-0: Called Strike
0-1: Ball
1-1: Ball
Throwing error on steal attempt, E2
Rodney González to third
2-1: 2-RUN HOME RUN (Flyball, 9D), Distance : 355 ft
Batting: RHB Luis Alou 0-0: Foul Ball, location: 2F
0-1: Swinging Strike
0-2: Ball
1-2: Foul Ball, location: 2F
1-2: Ball
2-2: Ball
3-2: Foul Ball, location: 2F
3-2: Base on Balls
Batting: RHB Richard Bankhead 0-0: Fly out, F8 (Flyball, 8LD)
Batting: SHB Pedro Martínez 0-0: Called Strike
0-1: Fly out, F8 (Flyball, 8LM)
Bottom of the 1st over - 2 run(s), 1 hit(s), 1 error(s), 1 left on base; Reading 0 - Butler 2
TOP OF THE 2ND
Reading Rainbows batting - Pitching for Butler White Sox : RHP Júlio González
Batting: LHB Eduardo Rodríguez 0-0: Ball
1-0: Foul Ball, location: 2F
1-1: SINGLE (Line Drive, 56D)
Batting: RHB Albert Lutz 0-0: Called Strike
0-1: Ball
1-1: SINGLE (Flyball, 4D)
Eduardo Rodríguez to second
Runner from 2nd tries for 3rd, SAFE, throw made to third
Albert Lutz to second
Batting: RHB Ron King 0-0: Called Strike
0-1: Ball
1-1: Ball
2-1: Ball
3-1: Base on Balls
Batting: LHB Wally Coker 0-0: Called Strike
0-1: Ball
1-1: Ball
2-1: Fly out, F6 (Popup, 56D)
Batting: RHB Donald Sanford 0-0: Ball
1-0: Called Strike
1-1: Ball
2-1: Foul Ball, location: 2F
2-2: Ball
3-2: SINGLE (Line Drive, 78S)
Eduardo Rodríguez scores
Albert Lutz to third
Ron King to second
Batting: LHB Miguel Colón 0-0: Ball
1-0: Ball
2-0: Fly out, F7 (Flyball, 8LS)
Runner from 3rd tags up, SCORES, no throw
Batting: LHB Alfonso Ruíz 0-0: Ball
1-0: Foul Ball, location: 2F
1-1: Called Strike
1-2: Foul Ball, location: 2F
1-2: Ground out U3 (Groundball, 3)
Top of the 2nd over - 2 run(s), 3 hit(s), 0 error(s), 2 left on base; Reading 2 - Butler 2
BOTTOM OF THE 2ND
Butler White Sox batting - Pitching for Reading Rainbows : RHP Ramón Quintero
Batting: LHB Don Hull 0-0: Ball
1-0: Called Strike
1-1: Swinging Strike
1-2: Ball
2-2: Strikes out looking
Batting: RHB Evan Robinson 0-0: SINGLE (Groundball, 6M)
Batting: RHB Luis Alvarado 0-0: Called Strike
0-1: Ball
1-1: Ball
2-1: Fielders Choice at 2nd, 6-4 (Groundball, 6M)
Batting: RHB Luis Ramos 0-0: Called Strike
0-1: Ball
Wild Pitch!
Luis Alvarado to second
1-1: Ball
2-1: Ball
3-1: Called Strike
3-2: Foul Ball, location: 2F
3-2: Base on Balls
Batting: RHB Rodney González 0-0: Foul Ball, location: 2F
0-1: Hit by Pitch
Luis Alvarado to third
Luis Ramos to second
Batting: LHB Mark Everett 0-0: Ball
1-0: Called Strike
1-1: DOUBLE (Line Drive, 89S)
Luis Alvarado scores
Luis Ramos scores
Rodney González to third
Batting: RHB Luis Alou 0-0: Ball
1-0: Foul Ball, location: 2F
1-1: Foul Ball, location: 2F
1-2: Ball
2-2: Ball
3-2: Strikes out looking
Bottom of the 2nd over - 2 run(s), 2 hit(s), 0 error(s), 2 left on base; Reading 2 - Butler 4
TOP OF THE 3RD
Reading Rainbows batting - Pitching for Butler White Sox : RHP Júlio González
Batting: RHB Dan Banks 0-0: Called Strike
0-1: Ball
1-1: Called Strike
1-2: Ground out 6-3 (Groundball, 6M)
Batting: RHB Germano Labrego 0-0: Called Strike
0-1: Foul Ball, location: 2F
0-2: Strikes out looking
Batting: LHB Eduardo Rodríguez 0-0: DOUBLE (Line Drive, 7LS)
Batting: RHB Albert Lutz 0-0: Called Strike
0-1: SINGLE (Groundball, 6MD)
Eduardo Rodríguez to third
Runner from 3rd tries for Home, SAFE, no throw or cutoff
Batting: RHB Ron King 0-0: Ball
1-0: Ball
2-0: Foul Ball, location: 2F
2-1: Foul Ball, location: 2F
2-2: Ball
Albert Lutz steals 2nd base
3-2: Foul Ball, location: 2F
3-2: TRIPLE (Line Drive, 5L)
Albert Lutz scores
Batting: LHB Wally Coker 0-0: DOUBLE (Line Drive, 7LD)
Ron King scores
Batting: RHB Donald Sanford 0-0: Called Strike
0-1: Swinging Strike
0-2: Ball
1-2: Strikes out looking
Top of the 3rd over - 3 run(s), 4 hit(s), 0 error(s), 1 left on base; Reading 5 - Butler 4
BOTTOM OF THE 3RD
Butler White Sox batting - Pitching for Reading Rainbows : RHP Ramón Quintero
Batting: RHB Richard Bankhead 0-0: Ball
1-0: Called Strike
1-1: Foul Ball, location: 2F
1-2: Strikes out swinging
Batting: SHB Pedro Martínez 0-0: Foul Ball, location: 2F
0-1: Foul Ball, location: 2F
0-2: Ground out 1-3 (Groundball, 13)
Batting: LHB Don Hull 0-0: Called Strike
0-1: Swinging Strike
0-2: Ball
1-2: Strikes out swinging
Bottom of the 3rd over - 0 run(s), 0 hit(s), 0 error(s), 0 left on base; Reading 5 - Butler 4
TOP OF THE 4TH
Reading Rainbows batting - Pitching for Butler White Sox : RHP Júlio González
Batting: LHB Miguel Colón 0-0: Called Strike
0-1: Foul Ball, location: 2F
0-2: Ball
1-2: Strikes out swinging
Batting: LHB Alfonso Ruíz 0-0: SOLO HOME RUN (Flyball, 8LXD), Distance : 426 ft
Batting: RHB Dan Banks 0-0: Ball
1-0: Ball
2-0: Ball
3-0: Called Strike
3-1: Foul Ball, location: 2F
3-2: Foul Ball, location: 2F
3-2: Base on Balls
Batting: RHB Germano Labrego 0-0: Ball
Dan Banks is caught stealing 2nd base
1-0: Ground out 1-3 (Groundball, 13)
Top of the 4th over - 1 run(s), 1 hit(s), 0 error(s), 0 left on base; Reading 6 - Butler 4
BOTTOM OF THE 4TH
Butler White Sox batting - Pitching for Reading Rainbows : RHP Ramón Quintero
Batting: RHB Evan Robinson 0-0: Ball
1-0: Foul Ball, location: 2F
1-1: Called Strike
1-2: Strikes out looking
Batting: RHB Luis Alvarado 0-0: Ball
1-0: Foul Ball, location: 2F
1-1: Foul Ball, location: 2F
1-2: Ball
2-2: Fly out, F9 (Flyball, 89M)
Batting: RHB Luis Ramos 0-0: Called Strike
0-1: Swinging Strike
0-2: Ball
1-2: Ball
2-2: Foul Ball, location: 2F
2-2: Strikes out swinging
Bottom of the 4th over - 0 run(s), 0 hit(s), 0 error(s), 0 left on base; Reading 6 - Butler 4
TOP OF THE 5TH
Reading Rainbows batting - Pitching for Butler White Sox : RHP Júlio González
Batting: LHB Eduardo Rodríguez 0-0: Ball
1-0: Ball
2-0: Ball
3-0: Base on Balls
Batting: RHB Albert Lutz 0-0: Ball
1-0: Ball
2-0: Ball
3-0: Called Strike
3-1: Base on Balls
Eduardo Rodríguez to second
Batting: RHB Ron King 0-0: Called Strike
0-1: Ball
1-1: Foul Ball, location: 2F
1-2: 3-RUN HOME RUN (Flyball, 7D), Distance : 365 ft
Pitching: RHP Barry Garner
Batting: LHB Wally Coker 0-0: Called Strike
0-1: Called Strike
0-2: Ball
1-2: Strikes out swinging
Batting: RHB Donald Sanford 0-0: Ball
1-0: Ball
2-0: Ball
3-0: Base on Balls
Batting: LHB Miguel Colón 0-0: Ground out 3-1 (Groundball, 34)
Donald Sanford to second
Batting: LHB Alfonso Ruíz 0-0: DOUBLE (Flyball, 8LD)
Donald Sanford scores
Batting: RHB Dan Banks 0-0: Ball
1-0: Ground out 4-3 (Groundball, 4M)
Top of the 5th over - 4 run(s), 2 hit(s), 0 error(s), 1 left on base; Reading 10 - Butler 4
BOTTOM OF THE 5TH
Butler White Sox batting - Pitching for Reading Rainbows : RHP Ramón Quintero
Batting: RHB Rodney González 0-0: Called Strike
0-1: Ball
1-1: Swinging Strike
1-2: Fly out, F8 (Flyball, 8LD)
Batting: LHB Mark Everett 0-0: Hit by Pitch
Batting: RHB Luis Alou 0-0: Ball
1-0: Ball
2-0: Called Strike
2-1: TRIPLE (Flyball, 8LXD)
Mark Everett scores
Batting: RHB Richard Bankhead 0-0: Ball
1-0: Called Strike
1-1: Ball
Wild Pitch!
Luis Alou scores
2-1: Ball
3-1: Swinging Strike
3-2: Foul Ball, location: 2F
3-2: Foul Ball, location: 2F
3-2: Fly out, F9 (Flyball, 89D)
Batting: SHB Pedro Martínez 0-0: Foul Ball, location: 2F
0-1: Ball
1-1: SINGLE (Line Drive, 34)
Pitching: LHP Don Carter
Batting: LHB Don Hull 0-0: Ball
1-0: Swinging Strike
1-1: Ball
2-1: Ball
3-1: Foul Ball, location: 2F
3-2: Strikes out swinging
Bottom of the 5th over - 2 run(s), 2 hit(s), 0 error(s), 1 left on base; Reading 10 - Butler 6
TOP OF THE 6TH
Reading Rainbows batting - Pitching for Butler White Sox : RHP Barry Garner
Batting: RHB Germano Labrego 0-0: Ground out 5-3 (Groundball, 56)
Batting: LHB Eduardo Rodríguez 0-0: Called Strike
0-1: Called Strike
0-2: Strikes out swinging
Batting: RHB Albert Lutz 0-0: Called Strike
0-1: Ball
1-1: Called Strike
1-2: Ball
2-2: Ball
3-2: Base on Balls
Batting: RHB Ron King 0-0: Ball
1-0: Ball
2-0: Ball
3-0: Called Strike
3-1: Base on Balls
Albert Lutz to second
Batting: LHB Wally Coker 0-0: Hit by Pitch
Albert Lutz to third
Ron King to second
Batting: RHB Donald Sanford 0-0: Ball
1-0: Ground out 1-3 (Groundball, 13S)
Top of the 6th over - 0 run(s), 0 hit(s), 0 error(s), 3 left on base; Reading 10 - Butler 6
BOTTOM OF THE 6TH
Butler White Sox batting - Pitching for Reading Rainbows : LHP Don Carter
Batting: RHB Evan Robinson 0-0: Foul Ball, location: 2F
0-1: Swinging Strike
0-2: Foul Ball, location: 2F
0-2: Ball
1-2: Strikes out swinging
Batting: RHB Luis Alvarado 0-0: Called Strike
0-1: Foul Ball, location: 2F
0-2: Ground out U3 (Groundball, 3S)
Batting: RHB Luis Ramos 0-0: Foul Ball, location: 2F
0-1: Ball
1-1: Ball
2-1: Ball
3-1: Base on Balls
Batting: RHB Rodney González 0-0: Foul Ball, location: 2F
0-1: Swinging Strike
Passed Ball!
Luis Ramos to second
0-2: Ground out 4-3 (Groundball, 4M)
Bottom of the 6th over - 0 run(s), 0 hit(s), 0 error(s), 1 left on base; Reading 10 - Butler 6
TOP OF THE 7TH
Reading Rainbows batting - Pitching for Butler White Sox : RHP Barry Garner
Pitching: RHP Cliff Erwin
Batting: LHB Miguel Colón 0-0: Ball
1-0: Ball
2-0: Ball
3-0: Base on Balls
Batting: LHB Alfonso Ruíz 0-0: Ball
1-0: Sac Bunt - play at first, batter OUT! 1-4
Miguel Colón to second
Batting: RHB Dan Banks 0-0: Called Strike
0-1: Ground out 4-3 (Groundball, 4)
Miguel Colón to third
Batting: RHB Germano Labrego 0-0: Called Strike
0-1: Ball
1-1: Foul Ball, location: 2F
1-2: Ground out 6-3 (Groundball, 6M)
Top of the 7th over - 0 run(s), 0 hit(s), 0 error(s), 1 left on base; Reading 10 - Butler 6
BOTTOM OF THE 7TH
Butler White Sox batting - Pitching for Reading Rainbows : LHP Don Carter
Batting: LHB Mark Everett 0-0: Ball
1-0: Foul Ball, location: 2F
1-1: Ball
2-1: Swinging Strike
2-2: Ball
3-2: Foul Ball, location: 2F
3-2: Foul Ball, location: 2F
3-2: Strikes out swinging
Batting: RHB Luis Alou 0-0: Called Strike
0-1: SINGLE (Line Drive, 34)
Batting: RHB Richard Bankhead 0-0: Called Strike
0-1: 2-RUN HOME RUN (Flyball, 7D), Distance : 367 ft
Batting: SHB Pedro Martínez 0-0: Foul Ball, location: 2F
0-1: Ball
1-1: Foul Ball, location: 2F
1-2: Strikes out swinging
Batting: LHB Don Hull 0-0: Ball
1-0: Fly out, F7 (Flyball, 7S)
Bottom of the 7th over - 2 run(s), 2 hit(s), 0 error(s), 0 left on base; Reading 10 - Butler 8
TOP OF THE 8TH
Reading Rainbows batting - Pitching for Butler White Sox : RHP Cliff Erwin
Batting: LHB Eduardo Rodríguez 0-0: Called Strike
0-1: Swinging Strike
0-2: Ball
1-2: Foul Ball, location: 2F
1-2: Ball
2-2: Foul Ball, location: 2F
2-2: Foul Ball, location: 2F
2-2: Reached on error, E3 (Groundball, 3)
Batting: RHB Albert Lutz 0-0: Bunt missed!
0-1: Ball
1-1: Bunt missed!
1-2: Foul Ball, location: 2F
1-2: Foul Ball, location: 2F
1-2: Grounds into double play, 4-6-3 (Groundball, 4)
Batting: RHB Ron King 0-0: Fly out, F7 (Line Drive, 7S)
Top of the 8th over - 0 run(s), 0 hit(s), 1 error(s), 0 left on base; Reading 10 - Butler 8
BOTTOM OF THE 8TH
Butler White Sox batting - Pitching for Reading Rainbows : LHP Don Carter
Pitching: RHP Alden Parker
Now at 1B: José Rivera
Now at 2B: Kyle Hollingsworth
Batting: RHB Evan Robinson 0-0: Ball
1-0: Swinging Strike
1-1: Swinging Strike
1-2: Ball
2-2: Strikes out swinging
Batting: RHB Luis Alvarado 0-0: Ground out 3-1 (Groundball, 34)
Batting: RHB Luis Ramos 0-0: Ball
1-0: Ball
2-0: Swinging Strike
2-1: Ground out 5-3 (Groundball, 5)
Bottom of the 8th over - 0 run(s), 0 hit(s), 0 error(s), 0 left on base; Reading 10 - Butler 8
TOP OF THE 9TH
Reading Rainbows batting - Pitching for Butler White Sox : RHP Cliff Erwin
Batting: LHB Wally Coker 0-0: Ball
1-0: Ground out 6-3 (Groundball, 6M)
Batting: RHB Donald Sanford 0-0: Called Strike
0-1: Ball
1-1: Swinging Strike
1-2: Foul Ball, location: 2F
1-2: Strikes out swinging
Batting: LHB Miguel Colón 0-0: Called Strike
0-1: DOUBLE (Line Drive, 5L)
Batting: LHB Alfonso Ruíz 0-0: Ball
1-0: Foul Ball, location: 2F
1-1: Ball
2-1: Ball
3-1: Foul Ball, location: 2F
3-2: Strikes out swinging
Top of the 9th over - 0 run(s), 1 hit(s), 0 error(s), 1 left on base; Reading 10 - Butler 8
BOTTOM OF THE 9TH
Butler White Sox batting - Pitching for Reading Rainbows : RHP Alden Parker
Pitching: LHP Jason Nichols
Now at C: Louis Smith
Now in RF: Shane Lynch
Batting: RHB Rodney González 0-0: Called Strike
0-1: Ball
1-1: Ball
2-1: Foul Ball, location: 2F
2-2: Ball
3-2: Fly out, F9 (Flyball, 89D)
Batting: LHB Mark Everett 0-0: Ball
1-0: Ball
2-0: Fly out, F7 (Flyball, 7D)
Batting: RHB Luis Alou 0-0: Swinging Strike
0-1: Called Strike
0-2: Ground out 3-1 (Groundball, 34S)
Bottom of the 9th over - 0 run(s), 0 hit(s), 0 error(s), 0 left on base; Reading 10 - Butler 8
This league is powered by Out of the Park Baseball, the baseball management simulation game for PC, Mac and Linux
Tuesday, August 2nd, 2016 - OOTP Baseball 16.8 Build 38